 Dungeon Crawl Stone Soup version 0.30.1-3-gfc49f6343a (webtiles) character file.

Game seed: 2844156847540556195

611 JackS81 the Chopper (level 7, -2/79 HPs)
             Began as a Demonspawn Berserker on Aug 1, 2023.
             Was a Priest of Trog.
             Slain by a two-headed ogre
             ... wielding a +0 giant club
              (24 damage)
             ... on level 5 of the Dungeon.
             The game lasted 00:16:00 (3555 turns).

JackS81 the Chopper (Demonspawn Berserker)          Turns: 3555, Time: 00:16:04

Health: -2/79      AC:  6    Str: 19    XL:     7   Next: 20%
Magic:  7/7        EV: 17    Int:  8    God:    Trog [***...]
Gold:   413        SH:  0    Dex: 13    Spells: 6/6 levels left

rFire   . . .        s - +0 broad axe
rCold   . . .        (no shield)
rNeg    . . .        b - +0 animal skin
rPois   .            (helmet restricted)
rElec   .            (no cloak)
rCorr   .            (no gloves)
SInv    .            (no boots)
Will    ++...        z - amulet of regeneration Stlth
                     c - +4 ring of protection
HPRegen 2.13/turn    (no ring)
MPRegen 0.10/turn

%: no passive effects
@: agile, berserking, strong-willed, regenerating, very quick
A: antennae 2, hooves 1, powered by pain 1, demonic magic 1, weakness stinger 1
a: Renounce Religion, Berserk, Trog's Hand


You were on level 5 of the Dungeon.
You worshipped Trog.
Trog was most pleased with you.
You visited 1 branch of the dungeon, and saw 5 of its levels.

You collected 413 gold pieces.

Inventory:

Hand Weapons
 a - a +0 hand axe
 g - a +1 mace of draining
 s - a +0 broad axe (weapon)
Missiles
 i - 29 stones (quivered)
Armour
 b - a +0 animal skin (worn)
 d - a +0 ring mail
 A - a +0 plate armour
Jewellery
 c - a +4 ring of protection (left hand)
 z - an amulet of regeneration (around neck)
Scrolls
 e - 5 scrolls of identify {unknown}
 h - a scroll of blinking {unknown}
 k - a scroll of magic mapping {unknown}
 m - a scroll of fog {unknown}
 n - 2 scrolls of noise {unknown}
 o - a scroll of brand weapon {unknown}
 t - 5 scrolls of torment {unknown}
 w - a scroll of amnesia {unknown}
 x - 2 scrolls of poison {unknown}
 y - a scroll of enchant armour {unknown}
 D - a scroll of teleportation {unknown}
Potions
 f - a potion of might {unknown}
 j - a potion of resistance {unknown}
 l - a potion of cancellation {unknown}
 p - a potion of heal wounds {unknown}
 q - a potion of brilliance {unknown}
 r - a potion of curing {unknown}
 u - a potion of invisibility {unknown}
 v - a potion of flight {unknown}
 B - a potion of ambrosia {unknown}
 C - a potion of haste {unknown}


   Skills:
 + Level 3.8 Fighting
 * Level 6.8 Axes
 * Level 2.3 Armour
 + Level 2.6 Dodging


You had 6 spell levels left.
You didn't know any spells.
Your spell library contained the following spells:

 Spells                   Type           Power      Damage    Failure   Level
 Foxfire                  Conj/Fire      0%         2x1d4     41%         1
 Call Canine Familiar     Summ           0%         N/A       78%         3
 Portal Projectile        Hex/Tloc       0%         N/A       78%         3
 Leda's Liquefaction      Hex/Erth       0%         N/A       99%         4
 Fireball                 Conj/Fire      0%         3d3       100%        5
 Plasma Beam              Fire/Air       0%         2x1d11    100%        6
 Starburst                Conj/Fire      0%         6d3       100%        6


Dungeon Overview and Level Annotations

Branches:
Dungeon (5/15)
 Temple: D:4-7

Altars:
Okawaru

Shops:
D:1 !


Innate Abilities, Weirdness & Mutations

You have a pair of antennae on your head.
You have large cloven feet.
You sometimes gain a little power by taking damage.
Spells you cast may paralyse adjacent enemies.
You have a small tail.


Message History

You throw a poisoned dart.
The poisoned dart barely misses the two-headed ogre.
The two-headed ogre shouts in stereo!
Throw: 3 darts (poison)
Press: ? - help, Q - select action, (/) - cycle Shift-Dir - straight line, f/p - two-headed ogre
Aim: a two-headed ogre, wielding a +0 giant club and a +0 giant spiked club (73% to hit)
You throw a poisoned dart.
The poisoned dart hits the two-headed ogre.
The two-headed ogre is poisoned.
Throw: 2 darts (poison)
Press: ? - help, Q - select action, (/) - cycle Shift-Dir - straight line, f/p - two-headed ogre
Aim: a two-headed ogre, wielding a +0 giant club and a +0 giant spiked club (poisoned, 73% to hit)
You throw a poisoned dart.
The poisoned dart hits the two-headed ogre.
The two-headed ogre looks even sicker.
Throw: dart (poison)
Press: ? - help, Q - select action, (/) - cycle Shift-Dir - straight line, f/p - two-headed ogre
Aim: a two-headed ogre, wielding a +0 giant club and a +0 giant spiked club (very poisoned, 73% to hit)
You throw a poisoned dart.
The poisoned dart barely misses the two-headed ogre.
Your skin crawls.
You feel strong-willed.
A red film seems to cover your vision as you go berserk!
You feel yourself moving faster!
You feel mighty! The two-headed ogre barely misses you.
The two-headed ogre hits you with a +0 giant spiked club!!
You slash the two-headed ogre!
The two-headed ogre is moderately wounded.
You slash the two-headed ogre!
The two-headed ogre is severely wounded.
The two-headed ogre closely misses you.
The two-headed ogre hits you with a +0 giant spiked club!
You slash the two-headed ogre! You kick the two-headed ogre.
The two-headed ogre is almost dead.
The two-headed ogre hits you with a +0 giant club!
* * * LOW HITPOINT WARNING * * *
You focus on the pain.
You feel agile all of a sudden.
The two-headed ogre hits you with a +0 giant spiked club!!
You die...

# ## .# # .### ..
...####### ...
##.#.....## ###?...
#.#...#..#######.......
#.###.##...............
###
#.###.#########@O..(((#
######.. #.....#
#...####(# #......#
####### #....# ##.....#
#..#.. ###...# #.# .##
#....# .. ## #....# ...
##...# .... ##...
..####.+ #...


You could see a two-headed ogre (poisoned).

Vanquished Creatures
  A scorpion (D:5)
  A howler monkey (D:5)
  2 hounds (D:5)
  3 orc priests (D:4)
  A jelly (D:5)
  2 iguanas
  2 orc wizards (D:4)
  Robin (D:3)
  3 gnolls (D:4)
  9 adders
  2 dart slugs
  9 orcs (D:4)
  6 ball pythons
  3 endoplasms
  6 giant cockroaches
  11 hobgoblins
  7 kobolds
  4 quokkas
  9 bats
  2 frilled lizards
  22 goblins
  14 rats
120 creatures vanquished.

Notes
Turn   | Place    | Note
-------+----------+-------------------------------------------
     0 | D:1      | JackS81 the Demonspawn Berserker began the quest for the
                  | Orb.
     0 | D:1      | Reached XP level 1. HP: 18/18 MP: 1/1
    39 | D:1      | Discovered your monstrous ancestry.
    39 | D:1      | Gained mutation: You have large cloven feet. [demonic
                  | ancestry]
    39 | D:1      | Reached XP level 2. HP: 24/24 MP: 2/2
    93 | D:1      | Reached skill level 3 in Axes
   232 | D:1      | Found Jewotom's Distillery.
   531 | D:1      | Gained mutation: Spells you cast may paralyse adjacent
                  | enemies. [demonic ancestry]
   531 | D:1      | Reached XP level 3. HP: 29/29 MP: 3/3
   593 | D:2      | You fall into a shaft and drop 2 floors!
   648 | D:4      | Reached skill level 4 in Axes
   648 | D:4      | Gained mutation: You have a small tail. [demonic ancestry]
   648 | D:4      | Reached XP level 4. HP: 35/35 MP: 4/4
   653 | D:4      | Reached ** piety under Trog
   927 | D:3      | Gained mutation: You have a pair of small antennae on your
                  | head. [demonic ancestry]
   927 | D:3      | Reached XP level 5. HP: 41/41 MP: 5/5
   938 | D:3      | Found an iron altar of Okawaru.
  1047 | D:3      | Noticed Robin
  1054 | D:3      | Reached skill level 5 in Axes
  1058 | D:3      | Killed Robin
  1801 | D:2      | Reached *** piety under Trog
  2095 | D:2      | Gained mutation: You sometimes gain a little power by
                  | taking damage. [demonic ancestry]
  2095 | D:2      | Reached XP level 6. HP: 35/47 MP: 6/6
  2740 | D:4      | Reached skill level 6 in Axes
  3325 | D:5      | Entered Level 5 of the Dungeon
  3453 | D:5      | Gained mutation: You have a pair of antennae on your head.
                  | [demonic ancestry]
  3453 | D:5      | Reached XP level 7. HP: 52/53 MP: 7/7
  3546 | D:5      | Noticed a two-headed ogre
  3555 | D:5      | Slain by a two-headed ogre

Illustrated notes

Levels and vault maps discovered:
D:1:      dpeg_arrival_fog, layout_basic, serial_shops, shop
D:2:      cheibrodos_old_hovel, layout_basic, minmay_circle_x
D:3:      layout_basic, lemuel_coloured_pillars_altar, kennysheep_nondescript,
          uniq_robin
D:4:      layout_basic
D:5:      layout_rooms, chequers_temple_overflow_minitemple, dk_noncrumbling_3,
          uniq_crazy_yiuf_cottage

Skill      XL: |  1  2  3  4  5  6 |
---------------+-------------------+-----
Axes           | 3 4 5 6 |  6.8
Dodging        | 2 |  2.6
Armour         | 2 |  2.3
Fighting       | |  3.8

Action                     |  1- 3 |  4- 6 |  7- 9 || total
---------------------------+-------+-------+-------++-------
  Melee: Hand axe          |    68 |    96 |       ||   164
         Kick              |     9 |    34 |     5 ||    48
         Tailslap          |       |    17 |     2 ||    19
         Broad axe         |       |    87 |    13 ||   100
  Throw: Stone             |       |     2 |       ||     2
         Dart              |       |       |     4 ||     4
 Invoke: Berserk           |     2 |     2 |     1 ||     5
         Trog's Hand       |       |     1 |     1 ||     2
   Stab: Sleeping          |       |     5 |       ||     5
 Armour: Animal skin       |    22 |    62 |     5 ||    89
  Dodge: Dodged            |    59 |   119 |     8 ||   186
